 Dungeon Crawl Stone Soup version 0.30-a0-743-gbfdf073431 (webtiles) character file.

Game seed: 2150768990204275818

33998 HammerPanzer the Executioner (level 13, -4/142 HPs)
             Began as a Minotaur Berserker on Feb 7, 2023.
             Was a High Priest of Trog.
             Shot with a bolt by a tengu warrior (6 damage)
             ... on level 13 of the Dungeon.
             The game lasted 00:35:52 (13546 turns).

HammerPanzer the Executioner (Minotaur Berserker)  Turns: 13546, Time: 00:35:52

Health: -4/142     AC: 13    Str: 28    XL:     13   Next: 39%
Magic:  12/12      EV: 12    Int:  7    God:    Trog [*****.]
Gold:   936        SH:  0    Dex: 17    Spells: 12/12 levels left

rFire   . . .      SeeInvis .    z - +4 executioner's axe "Cycs" {heavy, *Slow Fly rPois Will-}
rCold   . . .      Faith    .    (shield currently unavailable)
rNeg    + . .      Spirit   .    f - +3 ring mail "Vipsol" {rElec}
rPois   +          Reflect  .    (helmet restricted)
rElec   +          Harm     .    (no cloak)
rCorr   .          Rampage  .    t - +2 pair of gloves of Irksome Liberty {rPois rN+}
Will    .....                    K - +1 pair of boots of the Bedazzled Grue {Str+4 Int+3 Slay+2} Stlth
                                 H - amulet of regeneration
HPRegen 1.23/turn                B - ring of willpower
MPRegen 0.13/turn                s - +6 ring of dexterity

@: berserking, flying, very quick
A: horns 2, retaliatory headbutt, weak 1
a: Renounce Religion, Berserk, Trog's Hand, Brothers in Arms


You were on level 13 of the Dungeon.
You worshipped Trog.
Trog was extremely pleased with you.
You visited 1 branch of the dungeon, and saw 13 of its levels.
You also visited: Ossuary and Bailey.

You collected 936 gold pieces.

Inventory:

Hand Weapons
 z - the +4 executioner's axe "Cycs" (weapon) {heavy, *Slow Fly rPois Will-}
   (Trog gifted it to you on level 9 of the Dungeon)

   rPois:     It protects you from poison.
   Fly:       It grants you flight.
   *Slow:     It may slow you when you take damage.
   Will:      It decreases your willpower.
 A - a +0 battleaxe
 E - a +2 battleaxe of flaming
Missiles
 q - 2 throwing nets (quivered)
Armour
 f - the +3 ring mail "Vipsol" (worn) {rElec}
   (You found it on level 2 of the Dungeon)

   rElec:     It insulates you from electricity.
 t - the +2 pair of gloves of Irksome Liberty (worn) {rPois rN+}
   (You acquired it on level 5 of the Dungeon)

   rPois:     It protects you from poison.
   rN:        It protects you from negative energy.
 K - the +1 pair of boots of the Bedazzled Grue (worn) {Str+4 Int+3 Slay+2}
   (You acquired it on level 11 of the Dungeon)

   Str:       It affects your strength (+4).
   Int:       It affects your intelligence (+3).
   Slay:      It affects your accuracy & damage with ranged weapons and melee
   (+2).
 N - a +0 buckler of reflection
 P - a +2 kite shield of protection
 Q - the +0 kite shield of Repulsion {rElec}
   (You took it off a human on level 13 of the Dungeon)

   rElec:     It insulates you from electricity.
Jewellery
 a - an amulet of guardian spirit
 b - a ring of see invisible
 s - a +6 ring of dexterity (right hand)
 y - a ring of fire
 B - a ring of willpower (left hand)
 D - a ring of positive energy
 H - an amulet of regeneration (around neck)
 I - an amulet of reflection
 J - a ring of fire
 R - a ring of poison resistance
Wands
 w - a wand of charming (20)
 C - a wand of digging (6)
 G - a wand of iceblast (2)
 L - a wand of flame (8)
 M - a wand of polymorph (2)
 O - a wand of acid (7)
Scrolls
 c - 3 scrolls of blinking
 g - 8 scrolls of teleportation
 j - 2 scrolls of identify
 n - 2 scrolls of enchant armour
 o - 3 scrolls of fog
Potions
 d - 5 potions of curing
 e - 5 potions of brilliance
 h - a potion of might
 i - 3 potions of mutation
 k - a potion of haste
 l - 10 potions of flight
 p - a potion of berserk rage
 r - 4 potions of lignification
 u - 2 potions of heal wounds
 v - a potion of degeneration {unknown}
 x - 4 potions of cancellation
 F - 5 potions of ambrosia
Miscellaneous
 m - a box of beasts


   Skills:
 - Level 3.6 Fighting
 + Level 26.0 Axes
 - Level 2.4 Armour
 - Level 2.1 Dodging


You had 12 spell levels left.
You didn't know any spells.
Your spell library was empty.

Dungeon Overview and Level Annotations

Branches:
Dungeon (13/15)            Temple (0/1) D:4            Lair (0/5) D:11
    Orc (0/2) D:11         Vaults (0/5) D:13        Ossuary (visited)
 Bailey (visited)

Altars:
Ashenzari
Cheibriados
Dithmenos
Elyvilon
Fedhas
Hepliaklqana
Nemelex Xobeh
Okawaru
Qazlal
Trog
Wu Jian
Xom
Zin
The Shining One

Shops:
D:7 (   D:10 :


Innate Abilities, Weirdness & Mutations

You have a pair of horns on your head.
You reflexively headbutt those who attack you in melee.
You are weak. (Str -2)


Message History

The tengu warrior claws you but does no damage.
You slice the tengu warrior like a ripe choko!!!
You headbutt the tengu warrior, but do no damage.
The tengu warrior is almost dead.
You hear a shout!
The tengu warrior hits you but does no damage.
The tengu warrior pecks you but does no damage.
The tengu warrior claws you but does no damage.
A yaktaur comes into view.
It is wielding a staff of conjuration and carrying a wand of charming (6).
You completely miss the tengu warrior.
The tengu warrior is almost dead.
The tengu warrior misses you.
The tengu warrior pecks you but does no damage.
The tengu warrior claws you.
You closely miss the tengu warrior. Your headbutt misses the tengu warrior.
The tengu warrior is almost dead.
The tengu warrior hits you with a +0 broad axe!
The tengu warrior pecks you. The tengu warrior barely misses you.
You barely miss the tengu warrior.
The tengu warrior is almost dead.
The tengu warrior hits you with a +0 broad axe.
The tengu warrior closely misses you.
The tengu warrior claws you but does no damage.
You barely miss the tengu warrior. You headbutt the tengu warrior.
The tengu warrior is almost dead.
The tengu warrior hits you with a +0 broad axe!
The tengu warrior pecks you but does no damage.
The tengu warrior completely misses you.
The tengu warrior unwields a +0 broad axe.
The tengu warrior wields a +1 arbalest of flaming.
It bursts into flame!
The tengu warrior shoots a bolt.
The bolt hits you!!
* * * LOW HITPOINT WARNING * * *
The bolt burns you.
* * * LOW HITPOINT WARNING * * *
A red film seems to cover your vision as you go berserk!
You feel yourself moving faster!
You feel mighty!
The tengu warrior shoots a bolt.
The bolt hits you!
* * * LOW HITPOINT WARNING * * *
The bolt burns you.
You die...

#....## ##.###
#.........# #....#
#
#...###.........#
))..##
.##.......##.#####
....# #
#.#......###.#
..###
/#.#.###.....)#)#
###
.......###...)..#
# #..Q..###....##
#..#..#.###...###
#. #@##...###)..#
.' #..###...'##.#
#. ##.#...###...#
c. #...###...### #
# #.###....## ###
###..(...# ..###
###......### #...#
#......### ....##
##.......#


You could see a tengu warrior.

Vanquished Creatures
  Kirke (D:12)
  6 vault guards (D:13)
  A catoblepas (D:13)
  3 tengu warriors (D:13)
  2 two-headed ogres (D:12)
  4 centaur warriors
  A soul eater (D:10)
  2 sixfirhies (D:10)
  Pikel (D:7)
  The ghost of MoonlitKnight the Thaumaturge, a novice DECj (D:7)
  A deep elf pyromancer (D:12)
  2 ugly things (D:12)
  A cyclops (D:12)
  A smoke demon (D:10)
  An orange demon (D:10)
  A kobold demonologist (D:10)
  2 tengu conjurers (D:13)
  A queen bee (D:11)
  A troll (D:12)
  3 hellwings (D:10)
  A hornet (D:10)
  Sigmund (D:5)
  A shadow (D:12)
  6 hogs (D:12)
  Eustachio (D:5)
  A basilisk (D:13)
  4 wraiths
  7 humans
  27 yaks
  2 chaos spawn (D:10)
  A neqoxec (D:10)
  5 steam dragons
  5 vampire mosquitoes
  Menkaure (D:4)
  2 wargs (D:11)
  A water moccasin (D:8)
  2 acid dragons
  5 black bears
  9 orc warriors
  3 ice beasts
  An ogre (D:5)
  11 centaurs
  12 kobold brigands
  Blork the orc (D:4)
  2 bullfrogs
  2 gnoll sergeants (D:9)
  16 scorpions
  8 wights
  19 killer bees
  5 howler monkeys
  3 centaur zombies (Ossuary)
  2 quasits (D:10)
  4 hounds
  9 orc priests
  A jelly (D:5)
  2 gnoll boudas (D:7)
  A human zombie (Ossuary)
  7 iguanas
  Natasha (thrice) (D:4)
  11 orc wizards
  8 scorpion zombies (Ossuary)
  4 mummies
  15 gnolls
  5 adders
  A shadow imp (D:7)
  A white imp (D:5)
  4 worms
  4 dart slugs
  46 orcs
  6 ball pythons
  9 endoplasms
  5 giant cockroaches
  15 goblins
  13 hobgoblins
  3 jackals (D:1)
  32 kobolds
  4 quokkas
  4 bats
  2 frilled lizards
  2 gnoll zombies (Ossuary)
  2 goblin zombies (Ossuary)
  2 hobgoblin zombies (Ossuary)
  2 kobold zombies (Ossuary)
  An orc zombie (Ossuary)
  6 rats
437 creatures vanquished.

Vanquished Creatures (others)
  A howler monkey (D:8)
  An orc priest (D:11)
  An orc wizard (D:11)
  14 demonic plants (D:10)
  A plant (D:11)
18 creatures vanquished.

Grand Total: 455 creatures vanquished

Notes
Turn   | Place    | Note
-------+----------+-------------------------------------------
     0 | D:1      | HammerPanzer the Minotaur Berserker began the quest for the
                  | Orb.
     0 | D:1      | Reached XP level 1. HP: 19/19 MP: 0/0
    63 | D:1      | Reached skill level 4 in Axes
    68 | D:1      | Reached XP level 2. HP: 25/26 MP: 1/1
   297 | D:1      | Reached skill level 5 in Axes
   297 | D:1      | Reached XP level 3. HP: 23/31 MP: 2/2
   888 | D:2      | Reached ** piety under Trog
  1126 | D:2      | Identified the +3 ring mail "Vipsol" {rElec}
  1271 | D:2      | Reached skill level 6 in Axes
  1271 | D:2      | Reached XP level 4. HP: 35/39 MP: 3/3
  1718 | D:3      | You fall into a shaft and drop 3 floors!
  1722 | D:6      | Noticed a black bear
  1740 | D:6      | Noticed a black bear
  1753 | D:6      | Noticed a scorpion
  1791 | D:5      | Entered Level 5 of the Dungeon
  1799 | D:5      | Reached skill level 7 in Axes
  1799 | D:5      | Reached XP level 5. HP: 45/45 MP: 4/4
  1884 | D:5      | Noticed an ogre
  1886 | D:5      | Noticed a black bear
  1890 | D:5      | Killed an ogre
  1891 | D:5      | Reached skill level 8 in Axes
  1891 | D:5      | Reached XP level 6. HP: 51/51 MP: 5/5
  1898 | D:5      | Reached skill level 9 in Axes
  2070 | D:5      | Found a sand-covered staircase.
  2075 | Ossuary  | Entered an ossuary
  2100 | Ossuary  | Reached XP level 7. HP: 27/57 MP: 6/6
  2336 | Ossuary  | Reached skill level 10 in Axes
  2451 | Ossuary  | Reached skill level 11 in Axes
  2627 | Ossuary  | Reached *** piety under Trog
  2674 | Ossuary  | Reached XP level 8. HP: 64/64 MP: 7/7
  2697 | Ossuary  | Reached skill level 12 in Axes
  2970 | D:5      | Noticed Eustachio
  2987 | D:5      | Noticed Sigmund
  2994 | D:5      | Noticed Blork the orc
  3003 | D:4      | Killed Blork the orc
  3004 | D:4      | Reached skill level 13 in Axes
  3080 | D:4      | Found a sparkling altar of Nemelex Xobeh.
  3135 | D:4      | Noticed Menkaure
  3267 | D:4      | Killed Menkaure
  3353 | D:4      | Found an ornate altar of the Wu Jian Council.
  3381 | D:4      | Reached skill level 14 in Axes
  3431 | D:4      | Noticed Natasha
  3436 | D:4      | Killed Natasha
  3439 | D:4      | Noticed Natasha
  3524 | D:3      | Reached XP level 9. HP: 67/70 MP: 8/8
  3543 | D:3      | Reached **** piety under Trog
  3596 | D:3      | Found a faded altar of an unknown god.
  3675 | D:3      | Found a snail-covered altar of Cheibriados.
  3937 | D:4      | Found a staircase to the Ecumenical Temple.
  3943 | D:4      | Killed Natasha
  3945 | D:4      | Found a broken altar of Ashenzari.
  3961 | D:4      | Found a shimmering altar of Xom.
  4013 | D:4      | Noticed Natasha
  4021 | D:4      | Killed Natasha
  4496 | D:5      | Killed Sigmund
  4497 | D:5      | Reached skill level 15 in Axes
  4508 | D:5      | Killed Eustachio
  4795 | D:5      | Identified a scroll of acquirement
  4795 | D:5      | Acquired the +2 pair of gloves of Irksome Liberty {rPois
                  | rN+}
  4995 | D:6      | Found a blossoming altar of Fedhas.
  5220 | D:6      | Reached skill level 16 in Axes
  5911 | D:7      | Found a glowing golden altar of the Shining One.
  6015 | D:7      | Found a shadowy altar of Dithmenos.
  6117 | D:7      | Found Liyhue's Weapon Shop.
  6155 | D:7      | Reached skill level 17 in Axes
  6155 | D:7      | Reached XP level 10. HP: 77/77 MP: 9/9
  6247 | D:7      | Found a glowing silver altar of Zin.
  6248 | D:7      | Noticed Pikel
  6255 | D:7      | Killed Pikel
  6273 | D:7      | Reached ***** piety under Trog
  6410 | D:7      | Found a runed translucent door.
  6410 | D:7      | Noticed MoonlitKnight's ghost (novice DECj)
  6422 | D:7      | Killed MoonlitKnight's ghost
  6423 | D:7      | Reached skill level 18 in Axes
  6444 | D:7      | Identified the +7 spear of Proximity {heavy, rF+ Int+3
                  | Stlth+}
  6485 | D:7      | Found an iron altar of Okawaru.
  6486 | D:7      | Found a hazy altar of Hepliaklqana.
  6487 | D:7      | Found a stormy altar of Qazlal.
  6487 | D:7      | Found a bloodstained altar of Trog.
  6897 | D:8      | Identified the +9 falchion "X" {heavy, rElec rN+}
  7370 | D:9      | Reached skill level 19 in Axes
  7401 | D:9      | Identified the +4 executioner's axe "Cycs" {heavy, *Slow
                  | Fly rPois Will-} (Trog gifted it to you on level 9 of the
                  | Dungeon)
  7401 | D:9      | Received a gift from Trog
  7556 | D:9      | Reached XP level 11. HP: 74/82 MP: 10/10
  7682 | D:9      | Identified the +2 scale mail of Midsummer {rElec rN++ Dex-5
                  | Stlth+}
  7842 | D:9      | Found a white marble altar of Elyvilon.
  7966 | D:9      | Reached skill level 20 in Axes
  8441 | D:10     | Entered Level 10 of the Dungeon
  8441 | D:10     | Found Geischov's Book Shoppe.
  8478 | D:10     | Noticed a sixfirhy
  8484 | D:10     | Killed a sixfirhy
  8488 | D:10     | HP: 3/123 [orc wizard/magic dart (6)]
  8731 | D:10     | Reached skill level 21 in Axes
  8783 | D:10     | Found a flagged portal.
  8792 | Bailey   | Entered a bailey
  8914 | Bailey   | Identified the +3 leather armour of the Lute {Dex+6}
  9667 | D:10     | Reached skill level 22 in Axes
  9742 | D:10     | Noticed a sixfirhy
  9745 | D:10     | Noticed a soul eater
  9754 | D:10     | Killed a soul eater
  9755 | D:10     | Killed a sixfirhy
  9890 | D:10     | Reached XP level 12. HP: 77/90 MP: 11/11
 10283 | D:11     | Found a staircase to the Lair.
 10841 | D:10     | Gained mutation: You are weak. (Str -2) [a neqoxec]
 10940 | D:11     | Received a gift from Trog
 10981 | D:11     | Reached skill level 23 in Axes
 11177 | D:11     | Found a staircase to the Orcish Mines.
 11675 | D:11     | Acquired the +1 pair of boots of the Bedazzled Grue {Str+4
                  | Int+3 Slay+2}
 11868 | D:12     | Noticed Kirke
 11874 | D:12     | Noticed a sphinx
 11880 | D:12     | Killed Kirke
 12089 | D:12     | Noticed a two-headed ogre
 12097 | D:12     | Killed a two-headed ogre
 12098 | D:12     | Reached skill level 24 in Axes
 12447 | D:12     | Noticed a two-headed ogre
 12454 | D:12     | Killed a two-headed ogre
 12969 | D:13     | Noticed a centaur warrior
 12975 | D:12     | Killed a centaur warrior
 13075 | D:13     | Identified the +1 great sword of Wyrd {protect, Int+3}
 13077 | D:13     | Noticed a centaur warrior
 13083 | D:13     | Killed a centaur warrior
 13205 | D:13     | Noticed a tengu warrior
 13216 | D:13     | Noticed a centaur warrior
 13218 | D:13     | Noticed a catoblepas
 13221 | D:13     | Killed a tengu warrior
 13222 | D:13     | Reached XP level 13. HP: 83/95 MP: 12/12
 13224 | D:13     | Reached skill level 25 in Axes
 13269 | D:13     | Received a gift from Trog
 13271 | D:13     | Identified the +0 kite shield of Repulsion {rElec}
 13457 | D:13     | Found a gate to the Vaults.
 13539 | D:13     | Reached skill level 26 in Axes
 13546 | D:13     | HP: 2/142 [tengu warrior/bolt (17)]
 13546 | D:13     | Shot with a bolt by a tengu warrior

Illustrated notes

Levels and vault maps discovered:
D:1:      nzn_arrival_crosshair, layout_loops_ring, minmay_tetromino_s2
D:2:      layout_basic
D:3:      layout_rooms, slow_altar_1, hellmonk_ecumenical_altar_arch_garden,
          hangedman_decor_diamond_cutter, grunt_decor_fettered
D:4:      layout_cave_pools, nicolae_overflow_hidden_temple,
          mainiacjoe_overflow_six_doors_small, grunt_temple_overflow_open,
          minmay_temple_entry_crystal_x, kennysheep_small_circle, uniq_natasha,
          uniq_menkaure
D:5:      layout_cave_pools, nicolae_ossuary_entry_false_entrances,
          kennysheep_boxes, uniq_blork_the_orc, uniq_eustachio, uniq_sigmund
D:6:      layout_cave_pods, mainiacjoe_overflow_catwalk, nicolae_titane
D:7:      layout_rooms, mainiacjoe_overflow_alcove_3,
          mainiacjoe_overflow_small_starburst, nicolae_overflow_squiral,
          ebering_ghost_inner_flame, serial_glass, glass_columns_b,
          glass_columns_b, due_unseen_surprise, serial_shops,
          nicolae_shop_statue_plus, uniq_pikel
D:8:      layout_basic
D:9:      layout_basic, mainiacjoe_overflow_brackets, kennysheep_generic_room_7
D:10:     layout_loops_cross, serial_shops, shop_statue, enter_bailey_3,
          serial_demonic, serial_demonic_c, serial_demonic_e, serial_demonic_a,
          serial_demonic_f, serial_demonic_c, serial_demonic_b,
          serial_demonic_b, serial_demonic_g, serial_demonic_g,
          serial_demonic_b, special_room [special_room_kobold]
D:11:     layout_cave_pools, lair_entry_dummy, erik_orc_4, special_room
          [special_room_bee], minmay_misc_feat_ornament, serial_bayou_pond_e,
          library_closet
D:12:     layout_stronghold, uniq_kirke
D:13:     minmay_the_grid_four_pointed_star_mashed
          [minmay_the_grid_triangle_9x9_stretched_checkered,
          minmay_the_grid_triangle_9x9_zippers_vertical,
          minmay_the_grid_triangle_9x9_limited_checkers,
          minmay_the_grid_triangle_9x9_corrupted_corridor,
          minmay_the_grid_prize_shrinking_boxes], layout_rooms,
          ximxim_vaults_locker_room

Skill      XL: |  1  2  3  4  5  6  7  8  9 10 11 12 13 |
---------------+----------------------------------------+-----
Axes           | 4 5 6 7 8 9 11 14 17 19 22 24 26 | 26.0
Fighting       | |  3.6
Armour         | |  2.4
Dodging        | |  2.1

Action                     |  1- 3 |  4- 6 |  7- 9 | 10-12 | 13-15 || total
---------------------------+-------+-------+-------+-------+-------++-------
  Melee: Hand axe          |    84 |    78 |   339 |    45 |       ||   546
         Headbutt          |    14 |     9 |    69 |    81 |    11 ||   184
         Punch             |       |       |     2 |     1 |       ||     3
         Battleaxe         |       |       |       |    63 |       ||    63
         Executioner's axe |       |       |       |   326 |    40 ||   366
 Invoke: Berserk           |     1 |     3 |     9 |    13 |     2 ||    28
    Use: Scroll            |     4 |     1 |     9 |    14 |       ||    28
         Potion            |       |       |       |     3 |       ||     3
 Armour: Animal skin       |    21 |       |       |       |       ||    21
         Ring mail         |     3 |    30 |    97 |   212 |    14 ||   356
         Leather armour    |     1 |       |       |       |       ||     1
  Dodge: Dodged            |    50 |    60 |   220 |   449 |    30 ||   809

Table legend: (Time is in decaauts)
 A = Elapsed time spent in this place.
 B = Non-inter-level travel time spent in this place.
 C = Inter-level travel time spent in this place.
 D = Time resting spent in this place.
 E = Time spent auto-exploring this place.
 F = Levels seen in this place.
 G = Mean time per level.
                   A        B        C        D        E       F      G
               +--------+--------+--------+--------+--------+-----+--------+
         Total |  13725 |  13287 |    438 |   3207 |   7115 |  15 |  915.0 |
       Dungeon |  12258 |  11820 |    438 |   2383 |   7048 |  13 |  942.9 |
       Ossuary |    886 |    886 |      0 |    517 |     61 |   1 |  886.0 |
        Bailey |    581 |    581 |      0 |    306 |      6 |   1 |  581.0 |
               +--------+--------+--------+--------+--------+-----+--------+

Top non-repeatable levels by time:
    D:10: 1593 daAuts
    D:12: 1414 daAuts
     D:9: 1349 daAuts
     D:5: 968 daAuts
    D:11: 950 daAuts
     D:6: 928 daAuts
     D:1: 889 daAuts
     D:7: 888 daAuts
 Ossuary: 886 daAuts
     D:2: 835 daAuts
     D:4: 808 daAuts
     D:8: 718 daAuts
  Bailey: 581 daAuts
    D:13: 504 daAuts
     D:3: 409 daAuts
